 Dungeon Crawl Stone Soup version 0.25.1-2-g60ff931df9 (webtiles) character file.

Game seed: 14336735544765009933

3789 lorenzova the Thaumaturge (level 9, -6/45 HPs)
             Began as a Deep Elf Conjurer on Sept 16, 2020.
             Killed from afar by a smoke demon (9 damage)
             ... with a sticky flame
             ... on level 1 of the Abyss.
             The game lasted 00:18:28 (8726 turns).

lorenzova the Thaumaturge (Deep Elf Conjurer)       Turns: 8726, Time: 00:18:28

Health: -6/45      AC: 10    Str:  5    XL:     9   Next: 95%
Magic:  3/26       EV:  9    Int: 28    God:
Gold:   411        SH:  0    Dex: 15    Spells: 15/31 levels left

rFire    . . .     SeeInvis .   y - +7 spear of Compound Interest {flame, Int+4}
rCold    + . .     Gourm    .   (no shield)
rNeg     + . .     Faith    .   A - +1 ring mail {rN+}
rPois    .         Spirit   .   (no helmet)
rElec    .         Reflect  .   (no cloak)
rCorr    .         Harm     .   (no gloves)
MR       .....                  (no boots)
Stlth    +.........             (no amulet)
HPRegen  0.15/turn              q - +4 ring of protection
MPRegen  0.20/turn              C - ring of protection from cold

@: liquid flames, very slightly contaminated, glowing
A: no striking features
a: no special abilities


You were on level 1 of the Abyss.
You were hungry.

You visited 2 branches of the dungeon, and saw 8 of its levels.
You visited the Abyss 1 time.
You also visited: Sewer.

You collected 411 gold pieces.

Inventory:

Hand Weapons
 n - a +2 halberd of venom
 v - the +6 mace of the Pits of Slime {drain, rF+ Str+4 Stlth-}
   (You found it on level 4 of the Dungeon)

   A truly terrible weapon, it drains the life of those it strikes.
   It affects your strength (+4).
   It protects you from fire.
   It makes you less stealthy.
 y - the +7 spear of Compound Interest (weapon) {flame, Int+4}
   (You found it on level 5 of the Dungeon)

   It has been specially enchanted to burn those struck by it, causing extra
   injury to most foes and up to half again as much damage against particularly
   susceptible opponents.
   It affects your intelligence (+4).
Armour
 a - a +0 robe
 A - a +1 ring mail of positive energy (worn)
Magical Staves
 D - an uncursed staff of energy
Jewellery
 q - a +4 ring of protection (left hand)
 C - a ring of protection from cold (right hand)
 F - an uncursed ring of protection from magic
 G - a +6 ring of strength
 I - a +4 ring of evasion
Wands
 l - a wand of acid (12)
 z - a wand of digging (9)
 E - a wand of disintegration (13)
Scrolls
 g - 3 scrolls of remove curse {unknown}
 h - 2 scrolls of amnesia
 i - 4 scrolls of teleportation {unknown}
 k - a scroll of random uselessness
 m - 2 scrolls of fear {unknown}
 p - a scroll of magic mapping {unknown}
 t - a scroll of immolation {unknown}
 w - a scroll of fog {unknown}
 x - a scroll of noise {unknown}
 H - a scroll of vulnerability {unknown}
Potions
 b - a potion of degeneration
 d - a potion of might {unknown}
 e - 2 potions of lignification
 f - 2 potions of berserk rage {unknown}
 j - 3 potions of flight
 r - a potion of brilliance {unknown}
 s - 4 potions of curing {unknown}
 u - a potion of mutation {unknown}
 B - 2 potions of heal wounds {unknown}
Comestibles
 c - 10 rations


   Skills:
 - Level 2.4 Dodging
 - Level 2.4 Stealth
 * Level 11.9 Spellcasting
 * Level 10.7 Conjurations
 + Level 5.1 Hexes
 + Level 4.2 Translocations
 + Level 2.7 Fire Magic


You had 15 spell levels left.
You knew the following spells:

 Your Spells              Type           Power        Failure   Level  Hunger
a - Magic Dart            Conj           ####         1%          1    None
c - Iskenderun's Mystic   Conj/Tloc      ######..     8%          4    None
d - Fulminant Prism       Conj/Hex       ######....   6%          4    None
p - Blink                 Tloc           N/A          4%          2    None
x - Conjure Flame         Conj/Fire      ######..     3%          3    None
z - Searing Ray           Conj           ######       1%          2    None

Your spell library contained the following spells:

 Spells                   Type           Power        Failure   Level  Hunger
 Dazzling Flash           Conj/Hex       ######       1%          3    None
 Slow                     Hex            #####...     3%          2    None
 Mephitic Cloud           Conj/Pois/Air  #####...     11%         3    None
 Call Imp                 Summ           ###.....     24%         2    None


Dungeon Overview and Level Annotations

Branches:
Dungeon (7/15)             Temple (1/1) D:6           Sewer (visited)

Altars:
Ashenzari
Cheibriados
Gozag
Makhleb
Nemelex Xobeh
Trog
Uskayaw
Wu Jian
Xom
Yredelemnul
Zin
The Shining One

Shops:
D:5 *


Message History

The sticky flame hits you.
You are covered in liquid flames!
* * * LOW HITPOINT WARNING * * *
You are covered in liquid flames!
* * * LOW HITPOINT WARNING * * *
The fire ignites!
Casting: Conjure Flame (dangerous; 3% risk of failure)
Confirm with . or Enter, or press ? or * to list all spells.
Aiming: Searing Ray (safe; 1% risk of failure)
Press: ? - help, Shift-Dir - straight line, f - smoke demon
Aim: a smoke demon The searing ray hits the smoke demon!
The smoke demon is moderately wounded. (Press . to maintain the ray.)
You are covered in liquid flames!
* * * LOW HITPOINT WARNING * * *
The smoke demon gestures at you. The sticky flame hits you!
You are covered in liquid flames!
You die...

.... . . .. ..
... .. ...
..##..# .##...
.#.....##.....#
..#...........#
#...........#.
#......."...
#......(..#
###@...#...
#ยง##..... #.#
#... #.# .. #3#
. #.# #.# ..#
....


You could see a smoke demon.

Vanquished Creatures
  A thrashing horror (Abyss:1)
  A hippogriff (D:6)
  A hungry ghost (D:7)
  A water moccasin (D:7)
  An orc warrior (D:6)
  A large abomination (Abyss:1)
  A black bear (D:6)
  A phantom (D:6)
  2 sky beasts (D:5)
  2 ogres
  3 centaurs
  A necrophage (D:6)
  A small abomination (Abyss:1)
  2 big kobolds
  4 bullfrogs
  A wyvern skeleton (D:6)
  2 scorpions
  A bullfrog zombie (D:7)
  3 howler monkeys
  A quasit (D:6)
  A bullfrog skeleton (D:4)
  3 hounds
  5 orc priests
  Ijyb (D:4)
  An iguana (D:4)
  5 orc wizards
  4 worker ants (D:6)
  A hound zombie (D:7)
  A hound skeleton (D:6)
  A worker ant zombie (D:7)
  6 adders
  A howler monkey skeleton (D:7)
  8 gnolls
  4 shadow imps
  A white imp (Abyss:1)
  An ooze (D:4)
  An adder skeleton (D:5)
  5 worms
  2 dart slugs
  3 leopard geckos
  34 orcs
  5 ball pythons
  4 giant cockroaches
  4 goblins
  13 hobgoblins
  14 jackals
  6 quokkas
  8 bats
  9 frilled lizards
  9 kobolds
  A leopard gecko zombie (D:5)
  A quokka skeleton (D:7)
  17 rats
211 creatures vanquished.

Notes
Turn   | Place    | Note
-------+----------+-------------------------------------------
     0 | D:1      | lorenzova the Deep Elf Conjurer began the quest for the
                  | Orb.
     0 | D:1      | Reached XP level 1. HP: 10/10 MP: 6/6
   499 | D:1      | Reached XP level 2. HP: 15/15 MP: 3/8
   503 | D:1      | Learned a level 2 spell: Searing Ray
  1027 | D:1      | Reached skill level 4 in Spellcasting
  1071 | D:1      | Reached skill level 5 in Conjurations
  1071 | D:1      | Reached XP level 3. HP: 19/19 MP: 5/10
  1859 | D:2      | Found a shattered altar of Ashenzari.
  1882 | D:2      | Reached XP level 4. HP: 24/24 MP: 8/12
  1915 | D:2      | Reached skill level 5 in Spellcasting
  2568 | D:3      | Reached XP level 5. HP: 28/28 MP: 5/14
  2678 | D:3      | Found a glowing drain.
  2722 | Sewer    | Entered a sewer
  2871 | Sewer    | Reached skill level 6 in Spellcasting
  2951 | Sewer    | Found a glowing silver altar of Zin.
  3093 | D:3      | Reached XP level 6. HP: 9/32 MP: 4/17
  3574 | D:3      | Found a snail-covered altar of Cheibriados.
  3712 | D:4      | Found a shimmering altar of Xom.
  3886 | D:4      | Noticed a moth of wrath
  3889 | D:4      | Found a bloodstained altar of Trog.
  3929 | D:4      | Got a dazzling mace
  3930 | D:4      | Identified the +6 mace of the Pits of Slime {drain, rF+
                  | Str+4 Stlth-} (You found it on level 4 of the Dungeon)
  4108 | D:4      | Reached skill level 7 in Spellcasting
  4615 | D:4      | Reached XP level 7. HP: 36/36 MP: 15/20
  4621 | D:4      | Learned a level 4 spell: Iskenderun's Mystic Blast
  4626 | D:4      | Learned a level 4 spell: Fulminant Prism
  4874 | D:5      | Entered Level 5 of the Dungeon
  4974 | D:5      | Got a brightly glowing spear
  4975 | D:5      | Identified the +7 spear of Compound Interest {flame, Int+4}
                  | (You found it on level 5 of the Dungeon)
  4983 | D:5      | Noticed Ijyb
  5006 | D:4      | Killed Ijyb
  5006 | D:4      | Reached skill level 8 in Spellcasting
  5621 | D:5      | Reached skill level 9 in Spellcasting
  5808 | D:5      | Found Mataned's Assorted Antiques.
  5991 | D:6      | Reached XP level 8. HP: 41/41 MP: 18/23
  6015 | D:6      | Noticed a hippogriff
  6206 | D:6      | Reached skill level 1 in Hexes
  6310 | D:6      | Killed a hippogriff
  6310 | D:6      | Reached skill level 10 in Spellcasting
  6310 | D:6      | Reached skill level 1 in Translocations
  6641 | D:6      | Reached XP level 9. HP: 23/45 MP: 19/25
  6945 | D:6      | Found a staircase to the Ecumenical Temple.
  6981 | Temple   | Entered the Ecumenical Temple
  7328 | D:6      | Reached skill level 11 in Spellcasting
  7328 | D:6      | Reached skill level 10 in Conjurations
  7381 | D:6      | Learned a level 3 spell: Conjure Flame
  7384 | D:6      | Learned a level 2 spell: Blink
  8196 | D:7      | Reached skill level 1 in Fire Magic
  8560 | D:7      | Cast into level 1 of the Abyss (orc warrior)
  8710 | Abyss:1  | Noticed a thrashing horror
  8718 | Abyss:1  | Noticed a smoke demon
  8722 | Abyss:1  | Killed a thrashing horror
  8722 | Abyss:1  | Reached skill level 5 in Hexes
  8726 | Abyss:1  | Killed from afar by a smoke demon

Illustrated notes

Levels and vault maps discovered:
D:1:      dpeg_arrival_three_bigger_balls, layout_loops_ring
D:2:      layout_loops_ring, nicolae_overflow_hidden_temple, first_ration
D:3:      layout_rooms, kennysheep_slug_shrine, portal_sewer_entry_a
D:4:      layout_loops_corners, tgw_trog, serial_rivers,
          chequers_serial_rivers_micro_d, chequers_serial_rivers_small_a,
          chequers_serial_rivers_micro_a, chequers_serial_rivers_marsh,
          chequers_serial_rivers_small_a, xom_teletrap_fun
D:5:      layout_basic, serial_shops, shop, uniq_ijyb
D:6:      cheibrodos_fzero, layout_gridville, minmay_temple_entry_butterflies,
          grunt_decor_cap
D:7:      layout_rooms, grunt_temple_overflow_diamond,
          chequers_serial_rivers_micro_d
Temple:   nicolae_temple_figure_zero
Abyss:1:  base:
D:8

Skill      XL: |  1  2  3  4  5  6  7  8  9 |
---------------+----------------------------+-----
Spellcasting   | 4 5 6 7 9 10 11 | 11.9
Conjurations   | 5 6 7 8 9 10 | 10.7
Hexes          | 3 5 |  5.1
Translocations | 2 4 |  4.2
Fire Magic     | 2 |  2.7
Dodging        | |  2.4
Stealth        | |  2.4

Action                   |  1- 3 |  4- 6 |  7- 9 || total
-------------------------+-------+-------+-------++-------
Melee: Unarmed           |     6 |       |       ||     6
       Halberd           |       |    95 |       ||    95
       Mace              |       |     5 |       ||     5
       Spear             |       |       |    45 ||    45
 Cast: Magic Dart        |    81 |    73 |   129 ||   283
       Searing Ray       |     1 |    11 |    51 ||    63
       Conjure Flame     |       |       |    10 ||    10
  Use: Scroll            |       |     4 |     6 ||    10
       Potion            |       |     1 |       ||     1
 Stab: Sleeping          |       |     4 |     1 ||     5
  Eat: Chunk             |     3 |     8 |    12 ||    23
Armor: Robe              |     3 |    39 |     2 ||    44
       Ring mail         |       |       |    31 ||    31
Dodge: Dodged            |     1 |    90 |    35 ||   126
